 Dungeon Crawl Stone Soup version 0.22.0-38-g04b72b8 (webtiles) character file.

2297 mortelune the Cleaver (level 9, -6/81 HPs)
             Began as a Minotaur Berserker on Aug 31, 2018.
             Was a Priest of Trog.
             Mangled by an orc warrior
             ... wielding a +5 battleaxe of freezing
              (17 damage)
             ... on level 7 of the Dungeon.
             The game lasted 00:16:18 (6631 turns).

mortelune the Cleaver (Minotaur Berserker)          Turns: 6631, Time: 00:16:18

Health: -6/81      AC: 16    Str: 23    XL:     9   Next: 17%
Magic:  8/8        EV:  5    Int:  5    God:    Trog [***...]
Gold:   260        SH:  7    Dex: 11    Spells: 8/8 levels left

rFire    + . .     SeeInvis .   a - +1 hand axe
rCold    . . .     Gourm    .   l - +0 shield (curse)
rNeg     . . .     Faith    .   E - +0 plate armour
rPois    .         Spirit   .   (helmet restricted)
rElec    .         Reflect  .   i - +0 cloak
rCorr    .         Harm     .   g - +0 pair of gloves
MR       ++...                  (no boots)
Stlth    ..........             (no amulet)
HPRegen  1.23/turn              A - ring of protection from fire
MPRegen  0.11/turn              H - ring of wizardry

@: regenerating
A: retaliatory headbutt, horns 2
a: Berserk, Trog's Hand, Renounce Religion


You were on level 7 of the Dungeon.
You worshipped Trog.
Trog was most pleased with you.
You were near starving.

You visited 1 branch of the dungeon, and saw 7 of its levels.

You collected 260 gold pieces.

Inventory:

Hand Weapons
 a - a +1 hand axe (weapon)
 G - a +0 mace
Missiles
 x - 2 throwing nets (quivered)
Armour
 b - a +0 animal skin
 g - a +0 pair of gloves (worn)
 i - a +0 cloak (worn)
 k - a +0 leather armour
 l - a cursed +0 shield (worn)
 B - a +1 leather armour of positive energy
 C - a +0 scale mail
 E - a +0 plate armour (worn)
 L - a +0 ring mail of fire resistance
Jewellery
 A - a ring of protection from fire (left hand)
 H - a ring of wizardry (right hand)
Wands
 f - a wand of random effects (34)
 D - a wand of acid (4)
 I - a wand of scattershot (4)
 J - a wand of polymorph (7)
Scrolls
 j - a scroll of blinking
 m - 2 scrolls of random uselessness
 r - a scroll of teleportation
 u - a scroll of remove curse
 y - a scroll of amnesia
 M - a scroll of magic mapping
Potions
 d - 2 potions of magic
 e - a potion of lignification
 p - 2 potions of agility
 q - a potion of mutation
 s - 2 potions of heal wounds {unknown}
 t - a potion of haste {unknown}
 v - 2 potions of invisibility {unknown}
 w - 5 potions of flight {unknown}
 z - a potion of cancellation {unknown}
Comestibles
 c - 4 rations


   Skills:
 + Level 8.2 Fighting
 * Level 10.7 Axes
 + Level 7.7 Armour
 - Level 2.8 Dodging


You had 8 spell levels left.
You didn't know any spells.
Your spell library contained the following spells:

 Spells                   Type           Power        Failure   Level  Hunger
 Confusing Touch          Hex            #.....       100%        1    ##.....
 Confuse                  Hex            #.......     100%        3    ####...
 Gell's Gravitas          Tloc           #.........   100%        3    ####...
 Petrify                  Tmut/Erth      #.......     100%        4    #####..
 Metabolic Englaciation   Hex/Ice        #.........   100%        5    ######.
 Yara's Violent Unravell  Hex/Tmut       #.........   100%        5    ######.


Dungeon Overview and Level Annotations

Branches:
Dungeon (7/15)             Temple (0/1) D:6

Altars:
Dithmenos
Fedhas
Hepliaklqana
Makhleb
Qazlal
Ru
Sif Muna
Vehumet
Zin
The Shining One


Innate Abilities, Weirdness & Mutations

You reflexively headbutt those who attack you in melee.
You have a pair of horns on your head.


Message History

The orc warrior is moderately wounded.
You hit the orc warrior.
The orc warrior is moderately wounded.
The orc warrior hits you with a battleaxe of freezing!!
The orc warrior freezes you.
* * * LOW HITPOINT WARNING * * *
You hit the orc warrior but do no damage.
You headbutt the orc warrior.
The orc warrior is heavily wounded.
You recover from your berserk rage.
The orc warrior hits you with a battleaxe of freezing!
* * * LOW HITPOINT WARNING * * *
The orc warrior freezes you.
* * * LOW HITPOINT WARNING * * *
Your shield and plate armour prevent you from hitting the orc warrior.
The orc warrior is heavily wounded.
You hit the orc warrior but do no damage.
The orc warrior is heavily wounded.
The orc warrior hits you with a battleaxe of freezing!
You die...

# # ### ..# #.#
#.################
#............))(@#
..##############o####
###### .........
#....###....
#.######.
###o..##.#.##### #.#
##............. #.#
#............ #.#
#>#.#.......## #.#
#.#......<...# #.# #.
#.#.#.......#


You could see an orc warrior and an orc.

Vanquished Creatures
  Joseph (D:7)
  A hippogriff (D:7)
  Grinder (D:3)
  Eustachio (D:4)
  A black bear (D:7)
  A phantom (D:4)
  2 centaurs
  2 scorpions (D:7)
  5 killer bees (D:7)
  6 crimson imps
  3 orc wizards
  2 bullfrog skeletons
  2 orc priests
  Crazy Yiuf (D:3)
  2 hounds
  Ijyb (D:5)
  An iguana (D:5)
  3 worker ants
  3 hound zombies (D:5)
  2 hound skeletons
  6 adders
  2 dart slugs (D:1)
  4 leopard geckos
  10 orcs
  10 bats
  6 giant cockroaches
  3 goblins (D:1)
  3 hobgoblins
  3 jackals (D:6)
  4 quokkas
  3 frilled lizards
  4 kobolds
  5 rats
104 creatures vanquished.

Notes
Turn   | Place    | Note
-------+----------+-------------------------------------------
     0 | D:1      | mortelune the Minotaur Berserker began the quest for the Orb.
     0 | D:1      | Reached XP level 1. HP: 19/19 MP: 0/0
   190 | D:1      | Reached XP level 2. HP: 27/27 MP: 1/1
   311 | D:1      | Reached skill level 4 in Axes
   976 | D:2      | Found a stormy altar of Qazlal.
   997 | D:2      | Reached XP level 3. HP: 33/33 MP: 2/2
  1305 | D:2      | Reached ** piety under Trog
  1660 | D:3      | Noticed Grinder
  1669 | D:3      | Paralysed by Grinder for 4 turns
  1677 | D:3      | Killed Grinder
  1677 | D:3      | Reached skill level 5 in Fighting
  1677 | D:3      | Reached skill level 5 in Axes
  1677 | D:3      | Reached XP level 4. HP: 10/42 MP: 3/3
  1677 | D:3      | Reached XP level 5. HP: 11/48 MP: 4/4
  2230 | D:3      | Found a burning altar of Makhleb.
  2453 | D:3      | Found a faded altar of an unknown god.
  2544 | D:3      | Found a runed door.
  2863 | D:3      | Noticed Crazy Yiuf
  2869 | D:3      | Killed Crazy Yiuf
  2869 | D:3      | Reached skill level 6 in Axes
  2869 | D:3      | Reached XP level 6. HP: 56/56 MP: 5/5
  3487 | D:4      | Noticed Eustachio
  3498 | D:4      | Killed Eustachio
  3498 | D:4      | Reached skill level 7 in Axes
  3498 | D:4      | Reached skill level 5 in Armour
  3498 | D:4      | Reached XP level 7. HP: 62/62 MP: 6/6
  3562 | D:4      | Found a sacrificial altar of Ru.
  3958 | D:5      | Entered Level 5 of the Dungeon
  4013 | D:5      | Noticed Ijyb
  4022 | D:5      | Killed Ijyb
  4188 | D:5      | Reached skill level 8 in Axes
  4675 | D:5      | Found a glowing golden altar of the Shining One.
  5318 | D:6      | Found a staircase to the Ecumenical Temple.
  5398 | D:6      | Reached XP level 8. HP: 70/71 MP: 7/7
  5441 | D:6      | Found a shadowy altar of Dithmenos.
  5441 | D:6      | Found a deep blue altar of Sif Muna.
  5447 | D:6      | Found a glowing silver altar of Zin.
  5450 | D:6      | Found a blossoming altar of Fedhas.
  5905 | D:7      | Found a radiant altar of Vehumet.
  5907 | D:7      | Found a hazy altar of Hepliaklqana.
  5930 | D:7      | Noticed Joseph
  6121 | D:7      | Reached skill level 9 in Axes
  6267 | D:7      | Noticed a hippogriff
  6305 | D:7      | Killed a hippogriff
  6305 | D:7      | Reached skill level 10 in Axes
  6604 | D:7      | Reached *** piety under Trog
  6621 | D:7      | Killed Joseph
  6621 | D:7      | Reached XP level 9. HP: 37/81 MP: 8/8
  6631 | D:7      | Mangled by an orc warrior

Skill      XL: |  1  2  3  4  5  6  7  8 |
---------------+-------------------------+-----
Axes           | 4 5 6 7 8 10 | 10.7
Fighting       | 4 5 6 8 |  8.2
Armour         | 3 4 5 7 |  7.7
Dodging        | |  2.8

Action                   |  1- 3 |  4- 6 |  7- 9 || total
-------------------------+-------+-------+-------++-------
Melee: Hand axe          |    62 |    48 |   243 ||   353
       Headbutt          |     8 |     4 |    50 ||    62
Throw: Tomahawk          |       |       |     2 ||     2
Invok: Berserk           |     2 |     3 |     5 ||    10
       Trog's Hand       |     1 |     1 |     3 ||     5
  Use: Scroll            |       |       |    22 ||    22
       Potion            |       |       |     4 ||     4
 Stab: Sleeping          |     1 |       |       ||     1
  Eat: Chunk             |     3 |     5 |     9 ||    17
       Ration            |       |     1 |     2 ||     3
Armor: Leather armour    |    26 |    24 |       ||    50
       Animal skin       |     1 |       |       ||     1
       Scale mail        |       |       |    18 ||    18
       Plate armour      |       |       |   154 ||   154
Dodge: Dodged            |    59 |    45 |    64 ||   168
Block: Shield            |       |       |   108 ||   108
